 Dungeon Crawl Stone Soup version 0.21.1-1-g345015f (webtiles) character file.

70 diana the Cutter (level 4, 0/23 HPs)
             Began as a Vine Stalker Fighter on May 27, 2018.
             Slain by a bullfrog (6 damage)
             ... on level 4 of the Dungeon.
             The game lasted 00:04:27 (1162 turns).

diana the Cutter (Vine Stalker Fighter)             Turns: 1162, Time: 00:04:28

Health: 0/23       AC:  6    Str: 19    XL:     4   Next: 22%
Magic:  0/5        EV:  7    Int:  8    God:
Gold:   74         SH:  9    Dex: 14    Spells: 3/3 levels left

rFire    . . .     SeeInvis .   a - +0 rapier
rCold    + . .     Gourm    .   c - +0 shield
rNeg     . . .     Faith    .   b - +0 scale mail
rPois    .         Spirit   +   (no helmet)
rElec    .         Reflect  .   (no cloak)
rCorr    .         Harm     .   (no gloves)
MR       .....                  (no boots)
Stlth    ..........             (no amulet)
HPRegen  0.47/turn              g - ring of protection from cold
MPRegen  0.09/turn              (no ring)

@: no status effects
A: fangs 2, regeneration 1, magic shield, antimagic bite, no potion heal 3, rot
immunity
a: no special abilities


You were on level 4 of the Dungeon.
You were hungry.

You visited 1 branch of the dungeon, and saw 4 of its levels.

You collected 74 gold pieces.

Inventory:

Hand Weapons
 a - a +0 rapier (weapon)
Armour
 b - a +0 scale mail (worn)
 c - a +0 shield (worn)
Jewellery
 g - a ring of protection from cold (left hand)
Scrolls
 h - a scroll of enchant weapon {unknown}
 j - 2 scrolls of identify {unknown}
 k - a scroll of amnesia {unknown}
Potions
 d - a potion of might
 e - a potion of cancellation {unknown}
 i - a potion of agility {unknown}
Comestibles
 f - 6 rations


   Skills:
 - Level 2.6 Fighting
 + Level 3.9 Short Blades
 - Level 2.4 Armour
 - Level 2.7 Shields


You had 3 spell levels left.
You didn't know any spells.

Dungeon Overview and Level Annotations

Branches:
Dungeon (4/15)
 Temple: D:4-7

Altars:

Annotations:
D:2 Sigmund
D:3 appiemonkey's ghost, amateur CeFi


Innate Abilities, Weirdness & Mutations

You have extremely sharp teeth.
Your natural rate of healing is unusually fast.
When hurt, damage is shared between your health and your magic reserves.
Your bite disrupts and absorbs the magic of your enemies.
Potions cannot restore your health.
You are immune to rotting.


Message History

You hit the adder.
The adder is moderately wounded.
The bullfrog hits you but does no damage.
You block the adder's attack.
The bullfrog hits you but does no damage.
The orc wizard hits you but does no damage.
The adder bites you.
* * * LOW HITPOINT WARNING * * *
The orc wizard mumbles some strange words.
The orc wizard blinks!
The bullfrog hits you.
* * * LOW HITPOINT WARNING * * *
You block the worker ant's attack. The bullfrog closely misses you.
The bullfrog hits you but does no damage.
You block the bullfrog's attack.
The bullfrog snags a nearby mouse with its tongue.
The bullfrog hits you.
* * * LOW HITPOINT WARNING * * *
The bullfrog hits you!
You die...

.. ..# .### #.# ....
#.######. ##..###
#........
#....@###........
#..###.F##.........#
. ##.Sll........# .
####.......... .
#.a......(# .
#a........# .
#Z........###.
#####.#######...#.
#..>)aoo...#......


You could see a bullfrog, a worker ant, an adder and a leopard gecko.

Vanquished Creatures
  A hound skeleton (D:4)
  2 adders
  An ooze (D:4)
  A dart slug (D:1)
  An orc (D:4)
  2 giant cockroaches (D:1)
  5 goblins
  4 hobgoblins
  5 kobolds (D:1)
  2 quokkas (D:2)
  2 bats
  3 frilled lizards
  A giant cockroach zombie (D:4)
  3 rats
33 creatures vanquished.

Notes
Turn   | Place    | Note
-------+----------+-------------------------------------------
     0 | D:1      | diana the Vine Stalker Fighter began the quest for the Orb.
     0 | D:1      | Reached XP level 1. HP: 11/11 MP: 2/2
   140 | D:1      | Reached skill level 2 in Short Blades
   245 | D:1      | Reached XP level 2. HP: 12/16 MP: 3/3
   763 | D:2      | Reached skill level 3 in Short Blades
   763 | D:2      | Reached XP level 3. HP: 19/19 MP: 4/4
   877 | D:2      | Noticed Sigmund
  1033 | D:3      | Noticed appiemonkey's ghost (amateur CeFi)
  1079 | D:4      | Gained mutation: Your natural rate of healing is unusually fast. [Vine Stalker growth]
  1079 | D:4      | Reached XP level 4. HP: 9/23 MP: 5/5
  1121 | D:4      | Noticed a bullfrog
  1162 | D:4      | Slain by a bullfrog

Skill      XL: |  1  2 |
---------------+-------+-----
Short Blades   | 2 3 |  3.9
Fighting       | |  2.6
Armour         | |  2.4
Shields        | |  2.7

Action                   |  1- 3 |  4- 6 || total
-------------------------+-------+-------++-------
Melee: Rapier            |    92 |     6 ||    98
       Bite              |    26 |     3 ||    29
Armor: Scale mail        |    27 |    11 ||    38
Dodge: Dodged            |    20 |     3 ||    23
Block: Shield            |    56 |     8 ||    64
